 Dungeon Crawl Stone Soup version 0.25-a0-435-g4b9beb1024 (webtiles) character file.

Game seed: 2785116608546288683, levelgen mode: deterministic

63 Archen the Chopper (level 3, 0/33 HPs)
             Began as a Minotaur Berserker on Jan 28, 2020.
             Was a Believer of Trog.
             Succumbed to an adder's poison
             ... on level 2 of the Dungeon.
             The game lasted 00:04:19 (1293 turns).

Archen the Chopper (Minotaur Berserker)             Turns: 1293, Time: 00:04:19

Health: 0/33       AC:  0    Str: 27    XL:     3   Next: 87%
Magic:  2/2        EV: 18    Int:  4    God:    Trog [**....]
Gold:   10         SH:  0    Dex: 14    Spells: 2/2 levels left

rFire    . . .     SeeInvis .   a - +0 hand axe
rCold    . . .     Gourm    +   (no shield)
rNeg     . . .     Faith    .   d - +0 leather armour
rPois    .         Spirit   .   (helmet restricted)
rElec    .         Reflect  .   (no cloak)
rCorr    .         Harm     .   (no gloves)
MR       .....                  (no boots)
Stlth    ++........             e - amulet of the gourmand
HPRegen  0.11/turn              j - -3 ring of protection (curse)
MPRegen  0.08/turn              (no ring)

@: mighty, agile, lethally poisoned (0 -> -2), berserk cooldown, slowed, very
slow
A: retaliatory headbutt, horns 2
a: Berserk, Trog's Hand, Renounce Religion


You were on level 2 of the Dungeon.
You worshipped Trog.
Trog was pleased with you.
You were full.

You visited 1 branch of the dungeon, and saw 2 of its levels.

You collected 10 gold pieces.

Inventory:

Hand Weapons
 a - a +0 hand axe (weapon)
Armour
 b - a +0 animal skin
 d - a +0 leather armour (worn)
Jewellery
 e - an amulet of the gourmand (around neck)
 j - a cursed -3 ring of protection (left hand)
Scrolls
 g - a scroll of enchant weapon {unknown}
 k - 2 scrolls of remove curse {unknown}
 l - 4 scrolls of amnesia {unknown}


   Skills:
 + Level 4.1 Fighting
 * Level 4.6 Axes
 + Level 3.1 Armour
 + Level 2.8 Dodging


You had 2 spell levels left.
You didn't know any spells.
Your spell library was empty.

Dungeon Overview and Level Annotations

Branches:
Dungeon (2/15)

Altars:


Innate Abilities, Weirdness & Mutations

You reflexively headbutt those who attack you in melee.
You have a pair of horns on your head.


Message History

You headbutt the jackal.
You kill the jackal!
Trog accepts your kill.
It was a potion of agility.
You feel agile all of a sudden.
It was a potion of berserk rage.
A red film seems to cover your vision as you go berserk!
You feel yourself moving faster!
You feel mighty!
You are too berserk!
There is a lethal amount of poison in your body!
You feel a strong urge to attack something.
* * * LOW HITPOINT WARNING * * *
You feel sick.
You feel your anger nearly subside.
You are no longer berserk.
You are exhausted.
You feel yourself slow down.
It was a potion of might.
You feel very mighty all of a sudden.
You eat the ration.
That ration really hit the spot!
You die...

#..###.## h .
#.......###..... #
...##...$.....
###.#.#.###.##..####.##
.).............†#......
.##.##..###.###...#
.##.#.........#.†.#
....#..#.###..#...#
.####..#......#.@.#
.####..#####.##.#.#
..............#.#.#
###........####.#.#
................#..
###........####.#.#
...........######.#
###.#######........ #.#
#.#####..


There were no monsters in sight!

Vanquished Creatures
  A gnoll (D:1)
  An adder (D:2)
  A dart slug (D:1)
  2 leopard geckos (D:1)
  3 giant cockroaches
  5 goblins (D:1)
  5 hobgoblins
  4 jackals (D:2)
  3 kobolds
  2 ball pythons
  4 bats (D:1)
  2 frilled lizards (D:1)
  2 rats
35 creatures vanquished.

Notes
Turn   | Place    | Note
-------+----------+-------------------------------------------
     0 | D:1      | Archen the Minotaur Berserker began the quest for the Orb.
     0 | D:1      | Reached XP level 1. HP: 19/19 MP: 0/0
    96 | D:1      | Reached XP level 2. HP: 9/27 MP: 1/1
   532 | D:1      | Reached XP level 3. HP: 27/33 MP: 2/2
  1277 | D:2      | Reached ** piety under Trog
  1286 | D:2      | HP: 1/33 [poisoned by an adder]
  1293 | D:2      | Succumbed to an adder's poison

Levels and vault maps discovered:
D:1:      dpeg_arrival_brainrot, layout_basic
D:2:      layout_basic, lightli_temple_of_fire

Skill      XL: |  1  2  3 |
---------------+----------+-----
Axes           | 4 |  4.6
Fighting       | 4 |  4.1
Armour         | 3 |  3.1
Dodging        | |  2.8

Action                   || total
-------------------------++-------
Melee: Hand axe          ||    69
       Headbutt          ||     7
  Use: Potion            ||     3
       Scroll            ||     1
  Eat: Chunk             ||     7
       Ration            ||     1
Armor: Leather armour    ||     8
       Animal skin       ||     1
Dodge: Dodged            ||    47

Table legend:
 A = Non-vault XP
 B = Vault XP
 C = Vault XP percentage of total XP
 D = Non-vault monster count
 E = Vault monster count
 F = Vault count percentage of total count
                 A         B        C        D         E       F
            +---------+---------+-------+---------+---------+-------
      Total |      90 |       0 |   0.0 |      35 |       0 |   0.0
            +---------+---------+-------+---------+---------+-------
        D:1 |      56 |       0 |   0.0 |      23 |       0 |   0.0
        D:2 |      34 |       0 |   0.0 |      12 |       0 |   0.0
            +---------+---------+-------+---------+---------+-------
